AoeStats
← Mr. Penis

Arena

505225729Analyzed
4v4 RM · 23d ago on Sep 8, 2026· 36m 45s· 8 players
Game mode
Random Map
Map size
Large (8 player)
Population
200
Speed
Normal
Resources
Standard
Victory
Conquest
Starting age
Dark Age
Ending age
Imperial Age
RankedLock teamsTeams togetherTeam positionsShared explorationLock speedFull tech treeHidden civsTurbo modeCheats
Victory
Defeat
🇨🇳 Gurjaras · China
1147
+16
🇨🇳 Spanish · China
1134
+17
🇫🇮 Ethiopians · Finland
1121
+17
🇷🇺 Jurchens · Russia
1110
+18
🇹🇼 Poles · Taiwan
1274
-22
🇹🇼 Byzantines · Taiwan
1267
-22
🇹🇼 Persians · Taiwan
1033
-12
🇹🇼 Tupi · Taiwan
1020
-12
unknow
10:46 Feudal Age
14:52 Castle Age
13:20 Double-Bit Axe
13:57 Horse Collar
17:37 Bow Saw
18:05 Loom
21:23 Heavy Plow
24:05 Gold Mining
25:01 Wheelbarrow
26:52 Husbandry
27:02 Bloodlines
27:21 Pikeman
27:52 Light Cavalry
29:02 Stone Mining
31:15 Squires
31:01 Gambesons
37:08 Imperial Age
34:54 Hand Cart
36:32 Town Watch
电风扇
9:51 Feudal Age
11:45 Double-Bit Axe
14:19 Castle Age
13:00 Horse Collar
16:30 Town Watch
20:17 Fervor
23:09 Wheelbarrow
22:59 Gold Mining
23:36 Heavy Plow
23:49 Bow Saw
24:10 Heavy Plow
24:34 Stone Mining
25:16 Loom
28:55 Imperial Age
27:04 Hand Cart
27:30 Scale Barding Armor
27:35 Forging
28:06 Gold Shaft Mining
28:12 Stone Shaft Mining
28:05 Husbandry
28:16 Bloodlines
28:58 Chain Barding Armor
29:44 Iron Casting
29:16 Kshatriyas
29:05 Town Watch
29:59 Conscription
30:41 Chemistry
29:03 Heavy Camel Rider
30:45 Plate Barding Armor
30:51 Crop Rotation
31:03 Fletching
31:36 Ballistics
33:16 Frontier Guards
32:35 Siege Elephant
33:15 Bodkin Arrow
34:06 Bracer
34:03 Murder Holes
36:56 Hoardings
36:08 Arson
36:25 Scale Mail Armor
35:47 Elite Chakram Thrower
Mr. Penis
11:01 Feudal Age
12:35 Double-Bit Axe
15:21 Castle Age
13:27 Horse Collar
16:37 Bow Saw
18:37 Heavy Plow
21:14 Loom
23:22 Wheelbarrow
22:32 Town Watch
26:31 Gold Mining
26:31 Stone Mining
27:03 Hand Cart
26:33 Town Watch
29:56 Imperial Age
27:09 Treadmill Crane
27:39 Masonry
28:38 Gold Shaft Mining
28:38 Stone Shaft Mining
28:48 Town Patrol
28:57 Scale Barding Armor
29:03 Forging
28:43 Fletching
29:56 Bloodlines
29:46 Husbandry
31:34 Iron Casting
32:03 Crop Rotation
32:35 Two-Man Saw
31:55 Fortified Wall
32:35 Conscription
32:49 Elite Steppe Lancer
34:08 Chain Barding Armor
PaidatonPillastuja
10:12 Feudal Age
11:41 Town Watch
15:20 Castle Age
13:30 Double-Bit Axe
15:25 Horse Collar
26:53 Scale Mail Armor
27:51 Forging
28:35 Wheelbarrow
29:41 Iron Casting
31:30 Chain Mail Armor
31:54 Fletching
34:02 Heavy Plow
33:50 Loom
34:28 Hand Cart
35:13 Bodkin Arrow
37:56 Imperial Age
35:20 Crossbowman
36:09 Gold Mining
36:52 Bow Saw
36:57 Padded Archer Armor
vup4vm0227
10:37 Feudal Age
12:27 Horse Collar
15:06 Castle Age
13:33 Double-Bit Axe
15:51 Heavy Plow
18:47 Bow Saw
22:11 Stone Mining
22:12 Gold Mining
23:45 Stone Shaft Mining
24:28 Wheelbarrow
27:12 Imperial Age
26:00 Hand Cart
25:34 Loom
25:34 Town Watch
25:58 Scale Barding Armor
26:04 Forging
27:13 Bloodlines
27:03 Husbandry
28:12 Chain Barding Armor
28:28 Iron Casting
28:44 Crop Rotation
27:43 Cavalier
29:53 Szlachta Privileges
31:13 Conscription
32:52 Light Cavalry
36:33 Scale Mail Armor
37:33 Blast Furnace
36:33 Scale Mail Armor
36:00 Winged Hussar
wk4wk452
12:24 Feudal Age
17:20 Castle Age
15:27 Double-Bit Axe
18:48 Bow Saw
21:28 Horse Collar
24:41 Heavy Plow
26:14 Thumb Ring
28:57 Stone Mining
28:59 Gold Mining
31:14 Stone Shaft Mining
32:24 Padded Archer Armor
32:23 Elite Skirmisher
劉 sir
11:21 Feudal Age
14:50 Castle Age
13:12 Horse Collar
13:20 Double-Bit Axe
21:06 Heavy Plow
21:23 Bow Saw
22:21 Gold Mining
22:22 Stone Mining
24:27 Wheelbarrow
25:42 Fletching
25:55 Padded Archer Armor
29:42 Imperial Age
27:32 Hand Cart
27:04 Town Watch
27:16 Bodkin Arrow
27:36 Leather Archer Armor
33:15 Chemistry
32:38 Ballistics
33:22 Caciques
37:45 Two-Man Saw
zx764738
10:50 Feudal Age
14:34 Castle Age
12:45 Double-Bit Axe
12:42 Horse Collar
16:00 Bow Saw
19:20 Heavy Plow
20:26 Fletching
27:55 Imperial Age
24:59 Elite Skirmisher
28:26 Padded Archer Armor
29:37 Leather Archer Armor
29:17 Bodkin Arrow
32:52 Ballistics
32:41 Pikeman
33:21 Squires
Connection lost

Rejoining the realm…

Still unreachable

The connection could not be restored.

Session expired

The server has moved on; the page needs a fresh start.